 Dungeon Crawl Stone Soup version 0.18.1-48-g4cf74bf (webtiles) character file.

19 Freeplumber the Skirmisher (level 2, 0/24 HPs)
             Began as a Formicid Abyssal Knight on July 9, 2016.
             Was a Follower of Lugonu.
             Succumbed to an adder's poison
             ... on level 2 of the Dungeon.
             The game lasted 00:05:22 (457 turns).

Freeplumber the Skirmisher (Formicid Abyssal Knight) Turns: 457, Time: 00:05:23

Health: 0/24       AC:  4    Str: 16    XL:     2   Next: 95%
Magic:  3/3        EV: 11    Int: 11    God:    Lugonu [*.....]
Gold:   15         SH:  0    Dex: 10    Spells: 0 memorised, 1 level left

rFire  . . .     SeeInvis +     a - +1 spear
rCold  . . .     Gourm    .     b - +0 leather armour
rNeg   . . .     Faith    .     (no shield)
rPois  .         Spirit   .     (helmet unavailable)
rElec  .         Dismiss  .     (no cloak)
rCorr  .         Reflect  .     d - +0 pair of gloves
SustAt .         Harm     .     (no boots)
MR     .....                    (no amulet)
Stlth  +.........               (no ring)
                                (no ring)

@: lethally poisoned (0 -> -4), very slightly contaminated, invisible, not
resistant to hostile enchantments, very unstealthy
A: permanent stasis, dig shafts and tunnels, four strong arms, antennae 3
a: Dig, Shaft Self, Depart the Abyss, Renounce Religion


You were on level 2 of the Dungeon.
You worshipped Lugonu.
Lugonu was aware of your devotion.
You were not hungry.

You visited 1 branch of the dungeon, and saw 2 of its levels.
You visited the Abyss 1 time.

You collected 15 gold pieces.

Inventory:

Hand Weapons
 a - a +1 spear (weapon)
Armour
 b - a +0 leather armour (worn)
 d - a +0 pair of gloves (worn)
Scrolls
 f - 2 scrolls of identify {unknown}
Comestibles
 c - 2 bread rations
 h - a chunk of flesh


   Skills:
 + Level 3.5 Fighting
 + Level 2.2 Polearms
 + Level 2.5 Armour
 + Level 1.2 Dodging
 + Level 2.3 Invocations


You had one spell level left.
You didn't know any spells.

Dungeon Overview and Level Annotations

Branches:
Dungeon (2/15)

Altars:


Innate Abilities, Weirdness & Mutations

You are under a permanent stasis effect.
You can dig through walls and to a lower floor.
Your four strong arms can wield two-handed weapons with a shield.
You have a pair of large antennae on your head (SInv).


Message History

The adder barely misses you. The adder bites you.
* * * LOW HITPOINT WARNING * * *
You are lethally poisoned!
The adder poisons you!
Found a slice of pizza.
* * * LOW HITPOINT WARNING * * *
You feel sick.
You see here a scroll labeled NUALAK USKOE.
Drink which item? (? for menu, Esc to quit)
It was a potion of invisibility.
You fade into invisibility!
The adder bites you.
* * * LOW HITPOINT WARNING * * *
The adder closely misses you. The adder barely misses you.
You are very lightly contaminated with residual magic.
Read which item? (? for menu, Esc to quit)
As you read the scroll labeled ENATTUNUIMP, it crumbles to dust.
You experience a momentary feeling of inescapable doom!
It was a scroll of random uselessness.
You die...

###### #....#
#....# ###
######....##....
#...@SK......#
#....S##gr..####
....... #{...#
.%...........#
...........###
...........#
.........#.#
.........#.#
.?....#.#


You could see 2 adders, a quokka, a hobgoblin and a kobold.

Vanquished Creatures
  An ooze (D:1)
  A giant cockroach (D:1)
  A hobgoblin (D:1)
  3 bats (D:1)
  A giant newt (D:1)
  4 goblins (D:1)
  3 kobolds (D:1)
  3 rats (D:1)
17 creatures vanquished.

Vanquished Creatures (others)
  4 toadstools (D:1)
4 creatures vanquished.

Grand Total: 21 creatures vanquished

Notes
Turn   | Place    | Note
--------------------------------------------------------------
     0 | Abyss:1  | Freeplumber the Formicid Abyssal Knight began the quest for the Orb.
     0 | Abyss:1  | Reached XP level 1. HP: 18/18 MP: 2/2
    72 | Abyss:1  | Noticed a death knight
    75 | Abyss:1  | Noticed a raiju
    76 | D:1      | Escaped the Abyss
   124 | D:1      | Reached skill level 1 in Dodging
   162 | D:1      | Reached * piety under Lugonu
   276 | D:1      | Reached XP level 2. HP: 24/24 MP: 3/3
   456 | D:2      | HP: 1/24 [adder (3)]
   457 | D:2      | Succumbed to an adder's poison

Skill      XL: |  1 |
---------------+----+-----
Dodging        | 1 |  1.2
Fighting       | |  3.5
Polearms       | |  2.2
Armour         | |  2.5
Invocations    | |  2.3

Action                   || total
-------------------------++-------
Melee: Spear             ||    49
Invok: Depart the Abyss  ||     1
  Use: Scroll            ||     1
       Potion            ||     1
Armor: Leather armour    ||    34
Dodge: Dodged            ||    40
